TOP OF THE 1ST |
Virginia Tech Hokies batting - Pitching for Arizona Wildcats : LHP Lonnie Phillips
|
Pitching: LHP Lonnie Phillips
|
|
Batting: RHB Francisco Medina
|
0-0: Called Strike 0-1: Fly out, F6 (Popup, 56D)
|
Batting: RHB Nathan Taylor
|
0-0: Ball 1-0: Fly out, F7 (Line Drive, 7S)
|
Now in LF: Arnold Flint
|
|
Batting: LHB Juan Carlos Manuel
|
0-0: Called Strike 0-1: Ball 1-1: Swinging Strike 1-2: Foul Ball, location: 2F 1-2: Strikes out swinging
|
Top of the 1st over - 0 run(s), 0 hit(s), 0 error(s), 0 left on base; Virginia Tech 0 - Arizona 0 |
BOTTOM OF THE 1ST |
Arizona Wildcats batting - Pitching for Virginia Tech Hokies : LHP John Judson
|
Pitching: LHP John Judson
|
|
Batting: RHB Arnold Flint
|
0-0: Called Strike 0-1: Swinging Strike 0-2: Foul Ball, location: 2F 0-2: Ball 1-2: Ground out 1-3 (Groundball, 15S)
|
Batting: RHB Donald Fenner
|
0-0: Ball 1-0: Ball 2-0: SINGLE (Line Drive, 56)
|
Batting: LHB Larry Battle
|
0-0: Ball 1-0: Foul Ball, location: 2F 1-1: Ball 2-1: Ball 3-1: Ground out U3 (Groundball, 34S) Donald Fenner to second
|
Batting: RHB Jake Lawrence
|
0-0: Foul Ball, location: 2F 0-1: Foul Ball, location: 2F 0-2: Ball 1-2: Fly out, F9 (Flyball, 9S)
|
Bottom of the 1st over - 0 run(s), 1 hit(s), 0 error(s), 1 left on base; Virginia Tech 0 - Arizona 0 |
TOP OF THE 2ND |
Virginia Tech Hokies batting - Pitching for Arizona Wildcats : LHP Lonnie Phillips
|
Batting: RHB Matt Jenkins
|
0-0: Called Strike 0-1: Ball 1-1: Foul Ball, location: 2F 1-2: SINGLE (Line Drive, 89S)
|
Batting: RHB Eric Clay
|
0-0: Called Strike 0-1: Foul Ball, location: 2F 0-2: SINGLE (Flyball, 9LS) Matt Jenkins to second Runner from 2nd tries for 3rd, SAFE, no throw
|
Batting: RHB Rob Fleming
|
0-0: Ball 1-0: Called Strike 1-1: Foul Ball, location: 2F 1-2: Strikes out swinging
|
Batting: RHB César Rodríguez
|
0-0: Ball 1-0: Called Strike 1-1: Ball 2-1: Called Strike 2-2: Strikes out swinging
|
Batting: RHB Clay Smith
|
0-0: Called Strike 0-1: 3-RUN HOME RUN (Flyball, 7D), Distance : 345 ft
|
Batting: RHB Dusty Green
|
0-0: Ball 1-0: Ball 2-0: Ground out 5-3 (Groundball, 56)
|
Top of the 2nd over - 3 run(s), 3 hit(s), 0 error(s), 0 left on base; Virginia Tech 3 - Arizona 0 |
BOTTOM OF THE 2ND |
Arizona Wildcats batting - Pitching for Virginia Tech Hokies : LHP John Judson
|
Batting: RHB Jon Hartley
|
0-0: Ball 1-0: Ball 2-0: Swinging Strike 2-1: Foul Ball, location: 2F 2-2: Ball 3-2: Foul Ball, location: 2F 3-2: Fly out, F8 (Flyball, 8LM)
|
Batting: RHB Juan Navarro
|
0-0: Ball 1-0: Foul Ball, location: 2F 1-1: Ball 2-1: Ball 3-1: Swinging Strike 3-2: Base on Balls
|
Batting: RHB Lúcio Pagán
|
0-0: Fly out, F3 (Line Drive, 3)
|
Batting: RHB Dean Oglethorpe
|
0-0: Ball 1-0: SINGLE (Groundball, 6MD) Juan Navarro to second
|
Batting: RHB Maurice Long
|
0-0: Foul Ball, location: 2F 0-1: Called Strike 0-2: Strikes out swinging
|
Bottom of the 2nd over - 0 run(s), 1 hit(s), 0 error(s), 2 left on base; Virginia Tech 3 - Arizona 0 |
TOP OF THE 3RD |
Virginia Tech Hokies batting - Pitching for Arizona Wildcats : LHP Lonnie Phillips
|
Batting: RHB Francisco Medina
|
0-0: Ball 1-0: Called Strike 1-1: Fly out, F7 (Flyball, 78M)
|
Pitching: LHP John Cummings
|
|
Batting: RHB Nathan Taylor
|
0-0: Called Strike 0-1: Ball 1-1: Ball 2-1: Ball 3-1: Base on Balls
|
Batting: LHB Juan Carlos Manuel
|
0-0: Ball 1-0: Foul Ball, location: 2F 1-1: Foul Ball, location: 2F 1-2: Ball 2-2: Ball 3-2: Foul Ball, location: 2F 3-2: Foul Ball, location: 2F 3-2: Base on Balls Nathan Taylor to second
|
Batting: RHB Matt Jenkins
|
0-0: Called Strike 0-1: Ball 1-1: Ball 2-1: Foul Ball, location: 2F 2-2: Ball 3-2: Base on Balls Nathan Taylor to third Juan Carlos Manuel to second
|
Batting: RHB Eric Clay
|
0-0: Ball 1-0: Swinging Strike 1-1: Foul Ball, location: 2F 1-2: Ball 2-2: SINGLE (Groundball, 4) (infield hit) Nathan Taylor scores Juan Carlos Manuel to third Matt Jenkins to second
|
Batting: RHB Rob Fleming
|
0-0: Ball 1-0: Foul Ball, location: 2F 1-1: Called Strike 1-2: Foul Ball, location: 2F 1-2: Ball 2-2: Ball 3-2: Foul Ball, location: 2F 3-2: Base on Balls Juan Carlos Manuel scores Matt Jenkins to third Eric Clay to second
|
Batting: RHB César Rodríguez
|
0-0: Ball 1-0: Ball 2-0: Ball 3-0: Called Strike 3-1: Swinging Strike 3-2: Grounds into double play, 6-4-3 (Groundball, 6)
|
Top of the 3rd over - 2 run(s), 1 hit(s), 0 error(s), 2 left on base; Virginia Tech 5 - Arizona 0 |
BOTTOM OF THE 3RD |
Arizona Wildcats batting - Pitching for Virginia Tech Hokies : LHP John Judson
|
Batting: RHB Arnold Flint
|
0-0: Foul Ball, location: 2F 0-1: Ball 1-1: SINGLE (Groundball, 56D)
|
Batting: RHB Donald Fenner
|
0-0: Ball 1-0: Foul Ball, location: 2F 1-1: Ball 2-1: Ball 3-1: Called Strike 3-2: Fielders Choice at 2nd, 6-4 (Groundball, 6)
|
Batting: LHB Larry Battle
|
0-0: Called Strike 0-1: Ball 1-1: Ball 2-1: Grounds into double play, 6-4-3 (Groundball, 6)
|
Bottom of the 3rd over - 0 run(s), 1 hit(s), 0 error(s), 0 left on base; Virginia Tech 5 - Arizona 0 |
TOP OF THE 4TH |
Virginia Tech Hokies batting - Pitching for Arizona Wildcats : LHP John Cummings
|
Batting: RHB Clay Smith
|
0-0: Ball 1-0: Ball 2-0: Ball 3-0: Called Strike 3-1: Swinging Strike 3-2: Base on Balls
|
Batting: RHB Dusty Green
|
0-0: Swinging Strike 0-1: Called Strike 0-2: Strikes out swinging
|
Batting: RHB Francisco Medina
|
0-0: Ball 1-0: Called Strike 1-1: Foul Ball, location: 2F 1-2: Ball 2-2: Ball 3-2: Strikes out swinging
|
Batting: RHB Nathan Taylor
|
0-0: Fly out, F8 (Flyball, 8LD)
|
Top of the 4th over - 0 run(s), 0 hit(s), 0 error(s), 1 left on base; Virginia Tech 5 - Arizona 0 |
BOTTOM OF THE 4TH |
Arizona Wildcats batting - Pitching for Virginia Tech Hokies : LHP John Judson
|
Batting: RHB Jake Lawrence
|
0-0: Ball 1-0: Foul Ball, location: 2F 1-1: Ball 2-1: Swinging Strike 2-2: Foul Ball, location: 2F 2-2: Fly out, F9 (Flyball, 9)
|
Batting: RHB Jon Hartley
|
0-0: Called Strike 0-1: Foul Ball, location: 2F 0-2: Ground out 4-3 (Groundball, 4D)
|
Batting: RHB Juan Navarro
|
0-0: Swinging Strike 0-1: Fly out, F9 (Flyball, 9S)
|
Bottom of the 4th over - 0 run(s), 0 hit(s), 0 error(s), 0 left on base; Virginia Tech 5 - Arizona 0 |
TOP OF THE 5TH |
Virginia Tech Hokies batting - Pitching for Arizona Wildcats : LHP John Cummings
|
Batting: LHB Juan Carlos Manuel
|
0-0: Called Strike 0-1: Called Strike 0-2: Ball 1-2: Ball 2-2: Strikes out swinging
|
Batting: RHB Matt Jenkins
|
0-0: Ball 1-0: TRIPLE (Flyball, 8LD)
|
Batting: RHB Eric Clay
|
0-0: Foul Ball, location: 2F 0-1: Fly out, F4 (Line Drive, 4)
|
Batting: RHB Rob Fleming
|
0-0: Called Strike 0-1: Ball 1-1: Foul Ball, location: 2F 1-2: Ball 2-2: Foul Ball, location: 2F 2-2: Strikes out swinging
|
Top of the 5th over - 0 run(s), 1 hit(s), 0 error(s), 1 left on base; Virginia Tech 5 - Arizona 0 |
BOTTOM OF THE 5TH |
Arizona Wildcats batting - Pitching for Virginia Tech Hokies : LHP John Judson
|
Batting: RHB Lúcio Pagán
|
0-0: SINGLE (Groundball, 6MD)
|
Batting: RHB Dean Oglethorpe
|
0-0: Swinging Strike 0-1: Ball 1-1: Ball 2-1: Fly out, F8 (Flyball, 8LD)
|
Batting: RHB Maurice Long
|
0-0: Ball 1-0: Ball Lúcio Pagán steals 2nd base 2-0: Called Strike 2-1: Ball 3-1: Base on Balls
|
Batting: RHB Arnold Flint
|
0-0: Called Strike 0-1: Swinging Strike 0-2: Ball 1-2: Ball 2-2: Strikes out swinging
|
Batting: RHB Donald Fenner
|
0-0: Ground out 3-1 (Groundball, 23)
|
Bottom of the 5th over - 0 run(s), 1 hit(s), 0 error(s), 2 left on base; Virginia Tech 5 - Arizona 0 |
TOP OF THE 6TH |
Virginia Tech Hokies batting - Pitching for Arizona Wildcats : LHP John Cummings
|
Pitching: LHP John Keller
|
|
Batting: RHB César Rodríguez
|
0-0: Ball 1-0: Ball 2-0: Ball 3-0: Base on Balls
|
Batting: RHB Clay Smith
|
0-0: Ball 1-0: Called Strike 1-1: Ball 2-1: SINGLE (Groundball, 4MD) César Rodríguez to second
|
Batting: RHB Dusty Green
|
0-0: Ball Wild Pitch! César Rodríguez to third Clay Smith to second 1-0: Ball 2-0: Called Strike 2-1: Ball 3-1: Called Strike 3-2: Strikes out swinging
|
Batting: RHB Francisco Medina
|
0-0: Called Strike 0-1: Called Strike 0-2: Ball 1-2: Strikes out swinging
|
Batting: RHB Nathan Taylor
|
0-0: Swinging Strike 0-1: Swinging Strike 0-2: Foul Ball, location: 2F 0-2: Strikes out looking
|
Top of the 6th over - 0 run(s), 1 hit(s), 0 error(s), 2 left on base; Virginia Tech 5 - Arizona 0 |
BOTTOM OF THE 6TH |
Arizona Wildcats batting - Pitching for Virginia Tech Hokies : LHP John Judson
|
Batting: LHB Larry Battle
|
0-0: Called Strike 0-1: Ball 1-1: Ball 2-1: Foul Ball, location: 2F 2-2: DOUBLE (Groundball, 5L)
|
Pitching: RHP Joel Bailey
|
|
Batting: RHB Jake Lawrence
|
0-0: Ball 1-0: Ball 2-0: SINGLE (Line Drive, 8LS) Larry Battle to third Runner from 3rd tries for Home, SAFE, no throw
|
Batting: RHB Jon Hartley
|
0-0: Called Strike 0-1: Ball 1-1: Foul Ball, location: 2F 1-2: Strikes out swinging
|
Batting: RHB Juan Navarro
|
0-0: Called Strike 0-1: Ball 1-1: Ball 2-1: Called Strike 2-2: Foul Ball, location: 2F 2-2: Ball 3-2: SINGLE (Groundball, 56) (infield hit) Jake Lawrence to second
|
Batting: RHB Lúcio Pagán
|
0-0: Ball 1-0: Called Strike 1-1: Swinging Strike 1-2: Ball 2-2: Foul Ball, location: 2F 2-2: Strikes out looking
|
Batting: RHB Dean Oglethorpe
|
0-0: Ball 1-0: Ball 2-0: Called Strike 2-1: Foul Ball, location: 2F 2-2: Ball 3-2: Base on Balls Jake Lawrence to third Juan Navarro to second
|
Batting: RHB Maurice Long
|
0-0: Ball 1-0: Ball 2-0: Ball 3-0: Base on Balls Jake Lawrence scores Juan Navarro to third Dean Oglethorpe to second
|
Batting: RHB Arnold Flint
|
0-0: Ball 1-0: Ball 2-0: Called Strike 2-1: Ball 3-1: Foul Ball, location: 2F 3-2: Foul Ball, location: 2F 3-2: Base on Balls Juan Navarro scores Dean Oglethorpe to third Maurice Long to second
|
Pitching: RHP John O'Neill
|
|
Batting: RHB Donald Fenner
|
0-0: Ball 1-0: Ball 2-0: Ball 3-0: Called Strike 3-1: Foul Ball, location: 2F 3-2: Base on Balls Dean Oglethorpe scores Maurice Long to third Arnold Flint to second
|
Batting: LHB Larry Battle
|
0-0: Ball 1-0: Foul Ball, location: 2F 1-1: Called Strike 1-2: Ball 2-2: SINGLE (Line Drive, 9S) Maurice Long scores Arnold Flint to third Donald Fenner to second Runner from 3rd tries for Home, SAFE, no throw
|
Batting: RHB Jake Lawrence
|
0-0: Ball 1-0: SINGLE (Flyball, 56D) Donald Fenner to third Larry Battle to second Runner from 3rd tries for Home, SAFE, no throw
|
Batting: RHB Jon Hartley
|
0-0: Ball 1-0: Ball 2-0: Fly out, F8 (Flyball, 8LM)
|
Bottom of the 6th over - 7 run(s), 5 hit(s), 0 error(s), 2 left on base; Virginia Tech 5 - Arizona 7 |
TOP OF THE 7TH |
Virginia Tech Hokies batting - Pitching for Arizona Wildcats : LHP John Keller
|
Batting: LHB Juan Carlos Manuel
|
0-0: Ground out 4-3 (Groundball, 4M)
|
Batting: RHB Matt Jenkins
|
0-0: Called Strike 0-1: Ball 1-1: Foul Ball, location: 2F 1-2: Ground out 1-3 (Groundball, P)
|
Batting: RHB Eric Clay
|
0-0: Ground out 5-3 (Groundball, 56)
|
Top of the 7th over - 0 run(s), 0 hit(s), 0 error(s), 0 left on base; Virginia Tech 5 - Arizona 7 |
BOTTOM OF THE 7TH |
Arizona Wildcats batting - Pitching for Virginia Tech Hokies : RHP John O'Neill
|
Batting: RHB Juan Navarro
|
0-0: Ball 1-0: Called Strike 1-1: Foul Ball, location: 2F 1-2: Ball 2-2: Ball 3-2: SINGLE (Groundball, 56) (infield hit)
|
Batting: RHB Lúcio Pagán
|
0-0: Sac Bunt - play at first, batter OUT! 5-3 Juan Navarro to second
|
Batting: RHB Dean Oglethorpe
|
0-0: Swinging Strike 0-1: Ball 1-1: Foul Ball, location: 2F 1-2: Ball Wild Pitch! Juan Navarro to third 2-2: Strikes out swinging
|
Batting: RHB Maurice Long
|
0-0: Ball 1-0: Foul Ball, location: 2F 1-1: Ground out 5-3 (Groundball, 56S)
|
Bottom of the 7th over - 0 run(s), 1 hit(s), 0 error(s), 1 left on base; Virginia Tech 5 - Arizona 7 |
TOP OF THE 8TH |
Virginia Tech Hokies batting - Pitching for Arizona Wildcats : LHP John Keller
|
Batting: RHB Rob Fleming
|
0-0: SINGLE (Line Drive, 89M)
|
Pitching: RHP Matt Cleveland
|
|
Batting: RHB César Rodríguez
|
0-0: Foul Ball, location: 2F 0-1: Ball Wild Pitch! Rob Fleming to second 1-1: Foul Ball, location: 2F 1-2: Ground out 3-1 (Groundball, 34) Rob Fleming to third
|
Batting: RHB Clay Smith
|
0-0: Ball 1-0: Ball 2-0: Called Strike 2-1: Foul Ball, location: 2F 2-2: Foul Ball, location: 2F 2-2: Ball 3-2: Base on Balls
|
Pinch Hitting: RHB Bob Jones
|
0-0: Swinging Strike 0-1: Swinging Strike 0-2: Strikes out swinging
|
Batting: RHB Francisco Medina
|
0-0: Swinging Strike 0-1: Ball 1-1: Foul Ball, location: 2F 1-2: Fielders Choice at 2nd, 6-4 (Groundball, 6)
|
Top of the 8th over - 0 run(s), 1 hit(s), 0 error(s), 1 left on base; Virginia Tech 5 - Arizona 7 |
BOTTOM OF THE 8TH |
Arizona Wildcats batting - Pitching for Virginia Tech Hokies : RHP John O'Neill
|
Now at 1B: Bob Jones
|
|
Batting: RHB Arnold Flint
|
0-0: Ball 1-0: Swinging Strike 1-1: Swinging Strike 1-2: Foul Ball, location: 2F 1-2: Ball 2-2: Strikes out swinging
|
Batting: RHB Donald Fenner
|
0-0: Fly out, F7 (Flyball, 7)
|
Batting: LHB Larry Battle
|
0-0: Foul Ball, location: 2F 0-1: Fly out, F5 (Line Drive, 56)
|
Bottom of the 8th over - 0 run(s), 0 hit(s), 0 error(s), 0 left on base; Virginia Tech 5 - Arizona 7 |
TOP OF THE 9TH |
Virginia Tech Hokies batting - Pitching for Arizona Wildcats : RHP Matt Cleveland
|
Pitching: LHP Aaron Blankenship
|
|
Batting: RHB Nathan Taylor
|
0-0: Swinging Strike 0-1: Foul Ball, location: 2F 0-2: Strikes out swinging
|
Batting: LHB Juan Carlos Manuel
|
0-0: Called Strike 0-1: Ground out 4-3 (Groundball, 4)
|
Batting: RHB Matt Jenkins
|
0-0: Called Strike 0-1: Ball 1-1: Fly out, F9 (Flyball, 9LM)
|
Top of the 9th over - 0 run(s), 0 hit(s), 0 error(s), 0 left on base; Virginia Tech 5 - Arizona 7 |
|